 Dungeon Crawl Stone Soup version 0.28.0 (webtiles) character file.

Game seed: 748581255138004691

9307 MirrMurr the Spear-Bearer (level 11, -1/86 HPs)
             Began as a Demonspawn Berserker on Feb 17, 2022.
             Was an Elder of Trog.
             Slain by a boulder beetle (28 damage)
             ... on level 11 of the Dungeon.
             The game lasted 00:24:09 (12804 turns).

MirrMurr the Spear-Bearer (Demonspawn Berserker)   Turns: 12804, Time: 00:24:10

Health: -1/86      AC: 15    Str: 22    XL:     11   Next: 21%
Magic:  0/11       EV: 13    Int:  9    God:    Trog [****..]
Gold:   442        SH: 14    Dex: 12    Spells: 10/10 levels left

rFire   . . .      SeeInvis .   a - +7 trident
rCold   . . .      Faith    .   p - +1 tower shield
rNeg    . . .      Spirit   +   z - +0 steam dragon scales
rPois   .          Reflect  .   (no helmet)
rElec   .          Harm     .   (no cloak)
rCorr   +          Rampage  .   t - +1 pair of gloves
Will    .....                   d - +1 pair of boots
Stlth   +.........              y - amulet of guardian spirit
HPRegen 0.24/turn               k - ring of resist corrosion
MPRegen 0.12/turn               n - +4 ring of protection

@: on berserk cooldown, slowed, very slow
A: repulsion field 1, spiny 2, demonic magic 3, weakness stinger 2
a: Renounce Religion, Berserk, Trog's Hand, Brothers in Arms


You were on level 11 of the Dungeon.
You worshipped Trog.
Trog was greatly pleased with you.
You visited 1 branch of the dungeon, and saw 11 of its levels.

You collected 586 gold pieces.
You spent 144 gold pieces at shops.

Inventory:

Hand Weapons
 a - a +7 trident (weapon)
 b - a +1 hunting sling of freezing
Missiles
 e - 382 stones (quivered)
 f - 57 sling bullets
 j - 19 poisoned darts
 x - 9 boomerangs
 F - 2 throwing nets
Armour
 d - a +1 pair of boots (worn)
 p - a +1 tower shield (worn)
 t - a +1 pair of gloves (worn)
 z - +0 steam dragon scales (worn)
Jewellery
 k - a ring of resist corrosion (left hand)
 n - a +4 ring of protection (right hand)
 y - an amulet of guardian spirit (around neck)
 B - a ring of ice
 D - a ring of see invisible
 H - a ring of protection from fire
Wands
 c - a wand of flame (7)
 q - a wand of iceblast (21)
 I - a wand of polymorph (4)
Scrolls
 l - 4 scrolls of teleportation
 v - a scroll of magic mapping
 w - 2 scrolls of fear
 A - a scroll of fog
 E - a scroll of blinking
Potions
 g - a potion of berserk rage
 h - 4 potions of attraction
 i - a potion of heal wounds
 m - 2 potions of mutation
 o - a potion of haste
 r - 2 potions of curing
 s - 4 potions of cancellation
 u - a potion of resistance
 C - 2 potions of might
 G - 4 potions of magic


   Skills:
 + Level 7.9 Fighting
 * Level 9.9 Polearms
 + Level 6.9 Armour
 + Level 6.9 Dodging
 + Level 6.0 Shields


You had 10 spell levels left.
You didn't know any spells.
Your spell library was empty.

Dungeon Overview and Level Annotations

Branches:
Dungeon (11/15)            Temple (0/1) D:6            Lair (0/6) D:9
    Orc (0/2) D:10

Altars:
Ashenzari
Kikubaaqudgha
Makhleb
Okawaru
Yredelemnul
The Shining One

Shops:
D:4 *?   D:8 (


Innate Abilities, Weirdness & Mutations

You are surrounded by a mild repulsion field. (EV +2)
You are mostly covered in sharp spines.
Spells you cast and wands you use may paralyse nearby enemies.
You have a tail ending in a sharp stinger.


Message History

There is an entrance to an ice cave on this level.
Hurry and find it before the portal melts!
There is a stone staircase leading up here.
No target in view!
No target in view!
Okay, then.
You open the door.
A boulder beetle comes into view.
Found an ichor-stained leather armour.
There is an open door here.
Your +1 hunting sling of freezing stops glowing.
a - a +7 trident (weapon)
You hit the boulder beetle but do no damage.
The boulder beetle is struck by your spines.
The boulder beetle bites you!!
You puncture the boulder beetle!
The boulder beetle is lightly wounded.
You block the boulder beetle's attack.
You puncture the boulder beetle!
The boulder beetle is moderately wounded.
The boulder beetle bites you!
You hit the boulder beetle but do no damage.
The boulder beetle is lightly wounded.
The boulder beetle bites you!!
You are too injured to fight recklessly!
A red film seems to cover your vision as you go berserk!
You feel yourself moving faster!
You feel mighty! The boulder beetle bites you!!
* * * LOW HITPOINT WARNING * * *
You hit the boulder beetle. You tail-slap the boulder beetle!
The boulder beetle is heavily wounded.
The boulder beetle leaps!
The boulder beetle curls into a ball and begins rolling!
You see here the +3 leather armour of Ikeepen {rPois rC++ Dex+2 Slay-4}.
You feel a strong urge to attack something.
You see here the +3 leather armour of Ikeepen {rPois rC++ Dex+2 Slay-4}.
You feel your anger nearly subside.
You are no longer berserk.
You are exhausted.
You feel yourself slow down. The boulder beetle hits you!!
You die...

.......#
.......#
°°....#
.°...####
#°.....#
#.○....#
#.○.$..#
#.B.[..#
##@#####
#.# #.#
#.# #<#
#.# #.#
#.# #.#


You could see a boulder beetle (rolling).

Vanquished Creatures
  Snorg (D:10)
  Erica (D:8)
  3 two-headed ogres
  An unseen horror (D:5)
  A queen bee (D:10)
  A troll (D:10)
  A hornet (D:10)
  A vampire (D:9)
  3 wyverns (D:9)
  Eustachio (D:6)
  2 steam dragons (D:7)
  Menkaure (D:5)
  A water moccasin (D:7)
  An acid dragon (D:9)
  Duvessa (D:5)
  4 ice beasts
  An orc warrior (D:8)
  A sky beast (D:7)
  2 necrophages (D:5)
  4 centaurs
  A phantom (D:5)
  Blork the orc (D:4)
  A kobold brigand (D:9)
  4 bullfrogs
  3 scorpions
  Dowan (D:5)
  2 water moccasin skeletons
  19 killer bees
  5 wights
  A howler monkey (D:5)
  A bullfrog zombie (D:7)
  2 centaur zombies
  2 jellies
  4 orc priests
  A bullfrog skeleton (D:7)
  3 gnoll shamans
  A hound (D:4)
  A centaur skeleton (D:6)
  A scorpion zombie (D:5)
  Natasha (thrice) (D:3)
  2 iguanas
  6 orc wizards
  A killer bee zombie (D:7)
  A hound skeleton (D:5)
  2 howler monkey zombies
  14 gnolls
  7 adders
  3 white imps
  An adder zombie (D:5)
  2 worms
  2 dart slugs
  19 orcs
  6 bats
  5 endoplasms
  3 giant cockroaches
  15 goblins
  7 hobgoblins
  10 kobolds
  7 quokkas
  6 ball pythons
  3 frilled lizards
  5 rats
216 creatures vanquished.

Vanquished Creatures (others)
  14 plants (D:10)
  7 withered plants (D:4)
21 creatures vanquished.

Grand Total: 237 creatures vanquished

Notes
Turn   | Place    | Note
-------+----------+-------------------------------------------
     0 | D:1      | MirrMurr the Demonspawn Berserker began the quest for the
                  | Orb.
     0 | D:1      | Reached XP level 1. HP: 18/18 MP: 1/1
   348 | D:1      | Gained mutation: You are surrounded by a mild repulsion
                  | field. (EV +2) [demonic ancestry]
   348 | D:1      | Reached XP level 2. HP: 24/24 MP: 2/2
   355 | D:1      | Reached skill level 3 in Polearms
   915 | D:1      | Reached ** piety under Trog
  1327 | D:2      | Gained mutation: You have a small tail. [demonic ancestry]
  1327 | D:2      | Reached XP level 3. HP: 29/29 MP: 3/3
  1743 | D:2      | Gained mutation: You are partially covered in sharp spines.
                  | [demonic ancestry]
  1743 | D:2      | Reached XP level 4. HP: 28/35 MP: 4/4
  2509 | D:3      | Found a basalt altar of Yredelemnul.
  2779 | D:3      | Noticed a scorpion
  2784 | D:3      | Killed a scorpion
  2785 | D:3      | Reached skill level 4 in Polearms
  2785 | D:3      | Gained mutation: Spells you cast may paralyse adjacent
                  | enemies. [demonic ancestry]
  2785 | D:3      | Reached XP level 5. HP: 42/42 MP: 5/5
  2937 | D:3      | Noticed Natasha
  2951 | D:3      | Killed Natasha
  3173 | D:3      | Noticed Natasha
  3180 | D:3      | Killed Natasha
  3330 | D:4      | Reached *** piety under Trog
  3599 | D:4      | Found an ancient bone altar of Kikubaaqudgha.
  3617 | D:4      | Gained mutation: You have a tail ending in a sharp stinger.
                  | [demonic ancestry]
  3617 | D:4      | Reached XP level 6. HP: 48/48 MP: 6/6
  3814 | D:4      | Found Sisuet's Magic Scroll Emporium.
  3840 | D:4      | Found Ogeuguevvy's Mass Market.
  3847 | D:4      | Bought a +0 tower shield for 45 gold pieces
  4002 | D:4      | Noticed Blork the orc
  4014 | D:4      | Killed Blork the orc
  4190 | D:4      | Reached skill level 1 in Shields
  4304 | D:3      | Noticed Natasha
  4428 | D:3      | Killed Natasha
  4651 | D:5      | Entered Level 5 of the Dungeon
  4839 | D:5      | Reached XP level 7. HP: 49/55 MP: 7/7
  4852 | D:5      | Noticed Menkaure
  4860 | D:5      | Killed Menkaure
  4861 | D:5      | Reached skill level 5 in Polearms
  5234 | D:5      | Gained mutation: Spells you cast may paralyse nearby
                  | enemies. [demonic ancestry]
  5234 | D:5      | Reached XP level 8. HP: 57/61 MP: 8/8
  5374 | D:5      | Reached skill level 5 in Fighting
  5458 | D:5      | Reached skill level 6 in Polearms
  5493 | D:5      | Killed an unseen horror
  5881 | D:5      | Noticed Duvessa
  5881 | D:5      | Noticed Dowan
  5951 | D:5      | Killed Duvessa
  6052 | D:5      | Killed Dowan
  6787 | D:6      | Found a staircase to the Ecumenical Temple.
  6818 | D:6      | Reached XP level 9. HP: 69/69 MP: 9/9
  6823 | D:6      | Noticed a two-headed ogre
  6831 | D:6      | Killed a two-headed ogre
  6832 | D:6      | Reached skill level 7 in Polearms
  6832 | D:6      | Reached skill level 5 in Armour
  6832 | D:6      | Reached skill level 5 in Dodging
  7284 | D:6      | Noticed Eustachio
  7311 | D:6      | Killed Eustachio
  7537 | D:6      | Identified the +7 war axe of the Big Fish {pain, Dex+6}
  8034 | D:7      | Reached skill level 8 in Polearms
  8315 | D:7      | Found an iron altar of Okawaru.
  8631 | D:7      | Gained mutation: You are mostly covered in sharp spines.
                  | [demonic ancestry]
  8631 | D:7      | Reached XP level 10. HP: 77/77 MP: 10/10
  8849 | D:8      | Found a burning altar of Makhleb.
  9117 | D:8      | Found Mupa's Antique Weapon Shoppe.
  9127 | D:8      | Bought a glowing hunting sling for 99 gold pieces
  9178 | D:8      | Noticed Erica
  9205 | D:8      | Killed Erica
  9206 | D:8      | Reached skill level 5 in Shields
  9614 | D:8      | Identified the +2 robe of Youthful Indiscretion {*Slow
                  | rElec Int+5 Archmagi}
 10579 | D:9      | Found a staircase to the Lair.
 10618 | D:9      | Reached skill level 9 in Polearms
 10621 | D:9      | Noticed a two-headed ogre
 10630 | D:9      | Killed a two-headed ogre
 11000 | D:9      | Reached **** piety under Trog
 11366 | D:10     | Entered Level 10 of the Dungeon
 11790 | D:10     | Found a staircase to the Orcish Mines.
 11807 | D:10     | Noticed a two-headed ogre
 11821 | D:10     | Killed a two-headed ogre
 11929 | D:10     | Noticed Snorg
 11939 | D:10     | Killed Snorg
 11940 | D:10     | Gained mutation: Spells you cast and wands you use may
                  | paralyse nearby enemies. [demonic ancestry]
 11940 | D:10     | Reached XP level 11. HP: 86/86 MP: 9/11
 12117 | D:10     | Found a broken altar of Ashenzari.
 12791 | D:11     | Noticed a boulder beetle
 12800 | D:11     | Identified the +3 leather armour of Ikeepen {rPois rC++
                  | Dex+2 Slay-4}
 12804 | D:11     | Slain by a boulder beetle

Illustrated notes

Levels and vault maps discovered:
D:1:      wheals_arrival_shading, layout_loops_corners, minmay_misc_feat_plants,
          roderic_lattice_a
D:2:      layout_loops_corners
D:3:      layout_rooms, yredelemnul_altar_generic, minmay_increasing_density,
          uniq_natasha
D:4:      layout_basic, kiku_gazebo_garden_becter, serial_shops, shop,
          minmay_shop_mass, hangedman_abyss_or_decor_lesser_grid, minivault_27,
          uniq_blork_the_orc
D:5:      layout_basic, uniq_duvessa, uniq_menkaure
D:6:      layout_loops_ring, minmay_temple_entry_hall, uniq_eustachio
D:7:      layout_gridville, gammafunk_temple_overflow_wave
D:8:      layout_gridville, mainiacjoe_overflow_tiny_flanked, serial_shops,
          nicolae_shop_temple_entry_statues_fountains,
          chequers_serial_rivers_micro_c, uniq_erica
D:9:      layout_cave_pools, lair_entry_dummy
D:10:     layout_stronghold, lemuel_round_altar, orc_0_dummy,
          nicolae_looking_at_the_future, uniq_snorg
D:11:     layout_basic, portal_ice_cave_demonic_guard, minivault_16,
          elves_outpost_lemuel

Skill      XL: |  1  2  3  4  5  6  7  8  9 10 11 |
---------------+----------------------------------+-----
Armour         | 2 3 4 5 6 |  6.9
Polearms       | 3 4 5 6 8 9 |  9.9
Dodging        | 2 3 4 5 6 |  6.9
Fighting       | 4 5 6 7 |  7.9
Shields        | 1 2 3 4 5 6 |  6.0

Action                   |  1- 3 |  4- 6 |  7- 9 | 10-12 || total
-------------------------+-------+-------+-------+-------++-------
Melee: Spear             |    67 |   121 |   292 |    44 ||   524
       Tailslap          |     4 |    12 |    45 |    22 ||    83
       Trident           |       |       |       |   138 ||   138
 Fire: Hunting sling     |    48 |    88 |    86 |    56 ||   278
Throw: Stone             |       |       |       |     1 ||     1
       Boomerang         |       |       |       |     1 ||     1
Invok: Berserk           |       |     7 |     9 |     9 ||    25
       Trog's Hand       |       |       |     4 |     2 ||     6
  Use: Scroll            |       |     7 |     7 |     9 ||    23
       Potion            |       |     1 |     1 |     1 ||     3
 Stab: Sleeping          |       |       |       |     1 ||     1
Armor: Animal skin       |     8 |       |       |       ||     8
       Chain mail        |     9 |    36 |   125 |       ||   170
       Steam dragon scal |       |       |     4 |    75 ||    79
Dodge: Dodged            |    30 |    34 |    55 |    96 ||   215
Block: Tower shield      |       |    30 |   191 |   198 ||   419
